 Dungeon Crawl Stone Soup version 0.31-a0-358-gac0dbeb3ab (webtiles) character file.

Game seed: 2228081444125869734

1831 Shayle the Insei (level 9, -6/68 HPs)
             Began as a Gnoll Shapeshifter on July 26, 2023.
             Was an Initiate of Ashenzari.
             Mangled by a troll (8 damage)
             ... on level 6 of the Dungeon.
             The game lasted 00:11:55 (5505 turns).

Shayle the Insei (Gnoll Shapeshifter)               Turns: 5505, Time: 00:11:55

Health: -6/68      AC:  5    Str: 14    XL:     9   Next: 11%
Magic:  15/15      EV: 13    Int: 13    God:    Ashenzari [......]
Gold:   223        SH:  8    Dex: 16    Spells: 16/16 levels left

rFire   . . .        L - +9 falchion "Mumn" {flame, Int+4}
rCold   + . .        A - +3 buckler "Mipa Pug" {rC+}
rNeg    . . .        b - +0 ring mail
rPois   .            (helmet currently unavailable)
rElec   .            (cloak currently unavailable)
rCorr   .            (gloves currently unavailable)
SInv    .            (boots currently unavailable)
Will    .....        y - amulet of Ashenzari's Comet {Acrobat, Self, Bglg} (curse)
Stlth   ++           (no ring)
HPRegen 0.31/turn    (no ring)
MPRegen 0.14/turn

%: acrobat
@: beast-form, studying Shields
A: beast (slay +5), fangs 1, strong nose, distributed training
a: Begin Untransformation, Renounce Religion, Curse Item, Shatter the Chains


You were on level 6 of the Dungeon.
You worshipped Ashenzari.
Ashenzari was noncommittal.
You were a hulking beast.
You visited 2 branches of the dungeon, and saw 7 of its levels.

You collected 223 gold pieces.

Inventory:

Hand Weapons
 e - a +2 dagger of venom
 s - a +2 dagger of draining
 L - the +9 falchion "Mumn" (weapon) {flame, Int+4}
   (You found it on level 6 of the Dungeon)

   Int:       It affects your intelligence (+4).
Armour
 a - a +0 animal skin
 b - a +0 ring mail (worn)
 A - the +3 buckler "Mipa Pug" (worn) {rC+}
   (You found it on level 3 of the Dungeon)

   rC:        It protects you from cold.
 C - a +1 helmet
 G - a +0 pair of gloves
Jewellery
 v - an amulet of reflection
 y - the cursed amulet of Ashenzari's Comet (around neck) {Acrobat, Self, Bglg}
   (You found it on level 3 of the Dungeon)

   [amulet of the acrobat]

   It increases your evasion while moving and waiting.
   It has a curse which improves the following skills: Introspection: Fighting
   and Spellcasting.
   Beguiling: Conjurations, Hexes and Translocations.
 J - a ring of see invisible
Talismans
 c - a beast talisman
Wands
 t - a wand of roots (7)
 w - a wand of flame (6)
 D - a wand of polymorph (19)
 E - a wand of acid (2)
 I - a wand of charming (19)
Scrolls
 f - a scroll of enchant armour {unknown}
 h - a scroll of blinking {unknown}
 k - a scroll of revelation {unknown}
 l - a scroll of silence {unknown}
 m - 2 scrolls of vulnerability {unknown}
 o - 3 scrolls of teleportation {unknown}
 F - a scroll of fog {unknown}
 H - a scroll of noise {unknown}
 K - a scroll of fear {unknown}
 M - 2 scrolls of torment {unknown}
Potions
 d - 2 potions of might
 g - 2 potions of enlightenment
 i - a potion of berserk rage {unknown}
 j - a potion of cancellation {unknown}
 p - a potion of invisibility {unknown}
 r - a potion of mutation {unknown}
 u - 2 potions of attraction
 x - 2 potions of haste
 z - 2 potions of heal wounds {unknown}
 B - 2 potions of degeneration {unknown}


   Skills:
 + Level 4.8(5.2) Fighting
 + Level 4.0 Short Blades
 + Level 4.0 Long Blades
 + Level 4.0 Axes
 + Level 4.0 Maces & Flails
 + Level 4.0 Polearms
 + Level 4.0 Staves
 + Level 4.0 Ranged Weapons
 + Level 4.0 Throwing
 + Level 4.0 Armour
 + Level 6.1 Dodging
 + Level 4.0 Stealth
 + Level 5.1 Shields
 + Level 7.7 Unarmed Combat
 + Level 4.0(4.3) Spellcasting
 + Level 3.2(3.6) Conjurations
 + Level 3.2(3.6) Hexes
 + Level 3.2 Summonings
 + Level 3.2 Necromancy
 + Level 3.2(3.6) Translocations
 + Level 3.2 Transmutations
 + Level 3.2 Fire Magic
 + Level 3.2 Ice Magic
 + Level 3.2 Air Magic
 + Level 3.2 Earth Magic
 + Level 3.2 Poison Magic
 + Level 4.4 Invocations
 + Level 4.0 Evocations
 + Level 7.4 Shapeshifting


You had 16 spell levels left.
You didn't know any spells.
Your spell library was empty.

Dungeon Overview and Level Annotations

Branches:
Dungeon (6/15)             Temple (1/1) D:4

Altars:
Ashenzari
Cheibriados
Dithmenos
Fedhas
Gozag
Hepliaklqana
Makhleb
Okawaru
Ru
Sif Muna
Trog
Wu Jian
Xom
Zin
The Shining One

Annotations:
D:6 Pikel


Innate Abilities, Weirdness & Mutations

You are a hulking beast.
Your limbs bulge with bestial killing power. (Slay +5)
You have very sharp teeth.
Your uncanny sense of smell can sniff out nearby items.
Your experience applies equally to all skills.


Message History

You block the bullfrog's attack.
You slash the bullfrog! You burn the bullfrog.
You bite the bullfrog, but do no damage.
The bullfrog is heavily wounded.
You closely miss the troll. You bite the troll.
The troll is lightly wounded.
The troll bites you. You block the troll's attack. x2
You barely miss the troll.
An orc comes into view. It is wielding a +0 trident.
The troll closely misses you. You block the troll's attack.
The troll claws you!
You slash the troll! You burn the troll.
The troll is moderately wounded.
You block the orc's attack. The troll bites you. The troll claws you. x2
You completely miss the troll. Your bite misses the troll.
The troll is moderately wounded.
The orc barely misses you. The troll bites you!
* * * LOW HITPOINT WARNING * * *
The troll claws you.
* * * LOW HITPOINT WARNING * * *
You block the troll's attack.
You feel better. The troll bites you!
* * * LOW HITPOINT WARNING * * *
The troll claws you.
* * * LOW HITPOINT WARNING * * *
The troll closely misses you. The orc hits you but does no damage.
Okay, then.
Okay, then.
Aiming: Charm
Press: ? - help, Shift-Dir - straight line, f - troll
Aim: a troll (moderately wounded, chance to affect: 59%)
The troll resists with significant effort.
The troll misses you. The troll claws you.
* * * LOW HITPOINT WARNING * * *
You block the troll's attack. The orc closely misses you.
Aiming: Charm
Press: ? - help, Shift-Dir - straight line, p - troll Nothing appears to happen.
The orc hits you but does no damage. The troll bites you!
You die...

!..## .....# ......
######## ....##......#
#...#......# ∆ ∆
#!..#......# ∆ #.oF.....#
∆ ∆ #!..#T######
#...#h########
.T..##........# ..
.o....#.........# ..#
.....##.........# ...##
!..###..........#
#....#######.....########
#................#
.................#
.................#


You could see a troll, a bullfrog and an orc.

Vanquished Creatures
  Grinder (D:6)
  A wraith (D:5)
  2 water moccasins
  A black bear (D:6)
  2 centaurs (D:6)
  3 lemures
  A phantom (D:5)
  2 bullfrogs (D:6)
  A scorpion (D:6)
  2 wights (D:6)
  A howler monkey (D:5)
  A jelly (D:5)
  An orc priest (D:4)
  4 hounds
  3 sleepcaps
  2 iguanas
  Ijyb (D:3)
  2 orc wizards (D:4)
  Robin (D:3)
  8 adders
  A shadow imp (D:6)
  A white imp (D:6)
  2 ufetubi
  2 worms
  3 dart slugs
  29 orcs
  3 endoplasms
  A giant cockroach (D:3)
  13 goblins
  9 hobgoblins
  6 jackals
  3 quokkas
  2 ball pythons
  5 bats (D:1)
  2 frilled lizards (D:3)
  3 kobolds
  7 rats
132 creatures vanquished.

Notes
Turn   | Place    | Note
-------+----------+-------------------------------------------
     0 | D:1      | Shayle the Gnoll Shapeshifter began the quest for the Orb.
     0 | D:1      | Reached XP level 1. HP: 17/17 MP: 1/1
   274 | D:1      | Reached XP level 2. HP: 23/23 MP: 2/2
  1106 | D:2      | Reached XP level 3. HP: 23/28 MP: 3/3
  1345 | D:2      | Found a faded altar of an unknown god.
  1480 | D:3      | Noticed Ijyb
  1488 | D:3      | Killed Ijyb
  1489 | D:3      | Reached skill level 1 in Short Blades
  1489 | D:3      | Reached skill level 1 in Long Blades
  1489 | D:3      | Reached skill level 1 in Axes
  1489 | D:3      | Reached skill level 1 in Maces & Flails
  1489 | D:3      | Reached skill level 1 in Polearms
  1489 | D:3      | Reached skill level 1 in Staves
  1489 | D:3      | Reached skill level 1 in Ranged Weapons
  1489 | D:3      | Reached skill level 1 in Throwing
  1489 | D:3      | Reached skill level 1 in Armour
  1489 | D:3      | Reached skill level 1 in Stealth
  1489 | D:3      | Reached skill level 1 in Shields
  1489 | D:3      | Reached skill level 1 in Spellcasting
  1489 | D:3      | Reached skill level 1 in Invocations
  1489 | D:3      | Reached skill level 1 in Evocations
  1584 | D:3      | Found an opulent altar of Gozag.
  1678 | D:3      | Reached XP level 4. HP: 25/34 MP: 5/5
  2109 | D:3      | Found a snail-covered altar of Cheibriados.
  2132 | D:3      | Identified the +3 buckler "Mipa Pug" {rC+}
  2145 | D:3      | Reached skill level 1 in Conjurations
  2145 | D:3      | Reached skill level 1 in Hexes
  2145 | D:3      | Reached skill level 1 in Summonings
  2145 | D:3      | Reached skill level 1 in Necromancy
  2145 | D:3      | Reached skill level 1 in Translocations
  2145 | D:3      | Reached skill level 1 in Transmutations
  2145 | D:3      | Reached skill level 1 in Fire Magic
  2145 | D:3      | Reached skill level 1 in Ice Magic
  2145 | D:3      | Reached skill level 1 in Air Magic
  2145 | D:3      | Reached skill level 1 in Earth Magic
  2145 | D:3      | Reached skill level 1 in Poison Magic
  2214 | D:3      | Found a glowing golden altar of the Shining One.
  2339 | D:3      | Noticed Robin
  2344 | D:3      | Killed Robin
  2637 | D:4      | Reached XP level 5. HP: 40/40 MP: 5/7
  2840 | D:4      | Found a staircase to the Ecumenical Temple.
  2852 | Temple   | Entered the Ecumenical Temple
  2904 | Temple   | Became a worshipper of Ashenzari the Shackled
  3253 | D:4      | Reached XP level 6. HP: 33/47 MP: 8/8
  3473 | D:4      | Reached skill level 5 in Dodging
  3677 | D:5      | Entered Level 5 of the Dungeon
  3842 | D:5      | Noticed a wraith
  3853 | D:5      | Killed a wraith
  3854 | D:5      | Reached XP level 7. HP: 32/52 MP: 10/10
  4175 | D:5      | Found a glowing silver altar of Zin.
  4630 | D:6      | Reached XP level 8. HP: 57/61 MP: 12/12
  4638 | D:6      | Identified the +9 falchion "Mumn" {flame, Int+4}
  4729 | D:6      | Noticed Pikel
  5431 | D:6      | Noticed Grinder
  5437 | D:6      | Paralysed by Grinder for 2 turns
  5444 | D:6      | Paralysed by Grinder for 3 turns
  5459 | D:6      | Paralysed by Grinder for 5 turns
  5467 | D:6      | Killed Grinder
  5468 | D:6      | Reached skill level 5 in Shields
  5468 | D:6      | Reached XP level 9. HP: 44/68 MP: 15/15
  5493 | D:6      | Noticed a troll
  5504 | D:6      | HP: 2/68 [troll (3)]
  5505 | D:6      | Mangled by a troll

Illustrated notes

Levels and vault maps discovered:
D:1:      minmay_arrival_four_loops, layout_basic
D:2:      layout_basic, hellmonk_ecumenical_altar_heavens_door
D:3:      layout_loops_corners, mainiacjoe_overflow_paths,
          overflow_temple_1_default, mainiacjoe_overflow_alcove_4, uniq_ijyb,
          uniq_robin
D:4:      layout_loops_corners, minmay_temple_entry_stoned_glass, hex_tiny,
          ebering_dispersal_statue_hall
D:5:      layout_cave_pools, lemuel_coloured_pillars_altar,
          grunt_decor_mini_mirrors, corner_web_ring, minmay_manual_moon
D:6:      layout_basic, minivault_11, grunt_potential, uniq_grinder, uniq_pikel
Temple:   grunt_temple_mini_profane

Skill      XL: |  1  2  3  4  5  6  7  8 |
---------------+-------------------------+-----
Short Blades   | 1 2 4 |  4.0
Long Blades    | 1 2 4 |  4.0
Axes           | 1 2 4 |  4.0
Maces & Flails | 1 2 4 |  4.0
Polearms       | 1 2 4 |  4.0
Staves         | 1 2 4 |  4.0
Ranged Weapons | 1 2 4 |  4.0
Throwing       | 1 2 4 |  4.0
Armour         | 1 2 4 |  4.0
Stealth        | 1 2 4 |  4.0
Shields        | 1 2 3 5 |  5.1
Spellcasting   | 1 2 4 |  4.0
Invocations    | 1 2 3 4 |  4.4
Evocations     | 1 2 4 |  4.0
Conjurations   | 1 2 3 |  3.2
Hexes          | 1 2 3 |  3.2
Summonings     | 1 2 3 |  3.2
Necromancy     | 1 2 3 |  3.2
Translocations | 1 2 3 |  3.2
Transmutations | 1 2 3 |  3.2
Fire Magic     | 1 2 3 |  3.2
Ice Magic      | 1 2 3 |  3.2
Air Magic      | 1 2 3 |  3.2
Earth Magic    | 1 2 3 |  3.2
Poison Magic   | 1 2 3 |  3.2
Fighting       | 3 4 |  4.8
Dodging        | 5 6 |  6.1
Unarmed Combat | 7 |  7.7
Shapeshifting  | 7 |  7.4

Action                     |  1- 3 |  4- 6 |  7- 9 || total
---------------------------+-------+-------+-------++-------
  Melee: Unarmed           |    37 |       |       ||    37
         Bite              |     3 |    16 |    14 ||    33
         Dagger            |    14 |   140 |    62 ||   216
         Punch             |       |     1 |       ||     1
         Falchion          |       |       |    73 ||    73
 Invoke: Curse Item        |       |       |     1 ||     1
  Evoke: Wand              |       |     1 |     2 ||     3
    Use: Scroll            |       |       |     4 ||     4
         Potion            |       |       |     4 ||     4
   Stab: Sleeping          |       |     1 |     2 ||     3
 Armour: Animal skin       |     6 |     8 |     4 ||    18
         Skin              |       |       |    33 ||    33
         Ring mail         |       |       |     4 ||     4
  Dodge: Dodged            |    25 |    67 |    69 ||   161
  Block: Buckler           |       |    35 |    59 ||    94

Table legend: (Time is in decaauts)
 A = Elapsed time spent in this place.
 B = Non-inter-level travel time spent in this place.
 C = Inter-level travel time spent in this place.
 D = Time resting spent in this place.
 E = Time spent auto-exploring this place.
 F = Levels seen in this place.
 G = Mean time per level.
                   A        B        C        D        E       F      G
               +--------+--------+--------+--------+--------+-----+--------+
         Total |   5515 |   5296 |    219 |    673 |   3463 |   7 |  787.9 |
       Dungeon |   5438 |   5244 |    194 |    673 |   3463 |   6 |  906.3 |
        Temple |     77 |     52 |     25 |      0 |      0 |   1 |   77.0 |
               +--------+--------+--------+--------+--------+-----+--------+

Top non-repeatable levels by time:
     D:3: 1131 daAuts
     D:4: 1129 daAuts
     D:5: 954 daAuts
     D:2: 788 daAuts
     D:6: 748 daAuts
     D:1: 686 daAuts
  Temple: 77 daAuts
